 Dungeon Crawl Stone Soup version 0.21-a0-273-g0785366 (webtiles) character file.

14 vishdafish the Skirmisher (level 2, 24/24 HPs)
             Began as a Demonspawn Fighter on Sept 16, 2017.
             Quit the game on level 1 of the Dungeon.
             The game lasted 00:00:50 (328 turns).

vishdafish the Skirmisher (Demonspawn Fighter)       Turns: 328, Time: 00:00:51

Health: 24/24      AC:  7    Str: 16    XL:     2   Next: 31%
Magic:  2/2        EV:  6    Int:  9    God:
Gold:   26         SH:  8    Dex: 12    Spells: 1/1 levels left

rFire    . . .     SeeInvis .   a - +0 long sword
rCold    . . .     Gourm    .   c - +0 shield
rNeg     . . .     Faith    .   b - +0 scale mail
rPois    .         Spirit   .   (no helmet)
rElec    .         Reflect  .   h - +0 cloak
rCorr    .         Harm     .   (no gloves)
MR       .....                  (no boots)
Stlth    ..........             (no amulet)
HPRegen  0.08/turn              (no ring)
MPRegen  0.08/turn              (no ring)

@: no status effects
A: claws 1
a: no special abilities


You were on level 1 of the Dungeon.
You were not hungry.

You visited 1 branch of the dungeon, and saw 1 of its levels.

You collected 26 gold pieces.

Inventory:

Hand Weapons
 a - a +0 long sword (weapon)
Armour
 b - a +0 scale mail (worn)
 c - a +0 shield (worn)
 h - a +0 cloak (worn)
Scrolls
 e - a scroll of teleportation {unknown}
 i - a scroll of fear {unknown}
 j - a scroll of identify {unknown}
Potions
 d - 2 potions of might
Comestibles
 f - a bread ration
 g - a royal jelly


   Skills:
 + Level 3.2 Fighting
 + Level 2.0 Long Blades
 + Level 3.0 Armour
 + Level 0.1 Dodging
 + Level 2.7 Shields


You had one spell level left.
You didn't know any spells.

Dungeon Overview and Level Annotations

Branches:
Dungeon (1/15)

Altars:


Innate Abilities, Weirdness & Mutations

You have sharp fingernails.


Message History

You closely miss the goblin. You block the goblin's attack.
You slash the goblin!
You kill the goblin!
Things that are here:
a dagger; a goblin corpse
Found a scroll labeled IRCHIF KEIJ TOA.
Quiver which item? (- for none, * to show all) (? for menu, Esc to quit)
Okay, then.
Okay, then.
Quiver which item? (- for none, * to show all) (? for menu, Esc to quit)
Okay, then.
You are a level 2 Demonspawn Fighter.
You are 31% of the way to level 3.
Play time: 00:00:36 (328 turns)
Okay, then.
Save game and exit?
Welcome back, vishdafish the Demonspawn Fighter.
Press ? for a list of commands and other information.
Unknown command.
Unknown command.
Are you sure you want to abandon this character and quit the game? (Confirm with "yes".)

#.... #....
#############....
#...........'....
#.###########....
#>..............#
#######.#######.#
########.# ####.#
#@....)..# #.....
..^.....!......#
#.....
.?..###.(......#
#..... #.
..........?# #....#
########...........#
#...........#
#........####
#...#####


There were no monsters in sight!

Vanquished Creatures
  An ooze (D:1)
  A leopard gecko (D:1)
  3 bats (D:1)
  A giant cockroach (D:1)
  A kobold (D:1)
  2 goblins (D:1)
9 creatures vanquished.

Notes
Turn   | Place    | Note
-------+----------+-------------------------------------------
     0 | D:1      | vishdafish the Demonspawn Fighter began the quest for the Orb.
     0 | D:1      | Reached XP level 1. HP: 18/18 MP: 1/1
   211 | D:1      | Gained mutation: You have sharp fingernails. [demonic ancestry]
   211 | D:1      | Reached XP level 2. HP: 20/24 MP: 2/2
   328 | D:1      | Quit the game

Vault maps used:
D:1:      nzn_arrival_crosshair, nrook_uturn

Skill      XL: |  1  2 |
---------------+-------+-----
Long Blades    | 2 |  2.0
Armour         | 3 |  3.0
Fighting       | |  3.2
Dodging        | |  0.1
Shields        | |  2.7

Action                   || total
-------------------------++-------
Melee: Long sword        ||    41
Armor: Scale mail        ||    26
Dodge: Dodged            ||    16
Block: Shield            ||    25
       Rpst.: Long sword ||     4

Table legend:
 A = Spawn XP
 B = Non-spawn XP
 C = Spawn XP percentage of total XP
 D = Spawn monster count
 E = Non-spawn monster count
 F = Spawn count percentage of total count
 G = Total turns spent on level
                    A         B        C        D         E        F      G
               +---------+---------+-------+---------+---------+-------+---------
         Total |       0 |      21 |   0.0 |       0 |       9 |   0.0 |   328
               +---------+---------+-------+---------+---------+-------+---------
           D:1 |       0 |      21 |   0.0 |       0 |       9 |   0.0 |   328
               +---------+---------+-------+---------+---------+-------+---------
